 Dungeon Crawl Stone Soup version 0.18.1-5-g4a78601 (webtiles) character file.

1031 Scarto the Skirmisher (level 8, -1/63 HPs)
             Began as a Demonspawn Fighter on May 12, 2016.
             Was an Initiate of Qazlal.
             Slain by Pikel
             ... wielding a +2 whip of electrocution
              (17 damage)
             ... on level 5 of the Dungeon.
             The game lasted 00:07:07 (4743 turns).

Scarto the Skirmisher (Demonspawn Fighter)          Turns: 4743, Time: 00:07:08

Health: -1/63      AC: 11    Str: 18    XL:     8   Next: 3%
Magic:  8/8        EV: 12    Int: 11    God:    Qazlal [......]
Gold:   169        SH: 11    Dex: 17    Spells: 0 memorised, 7 levels left

rFire  . . .     SeeInvis .     a - +0 war axe
rCold  . . .     Gourm    .     b - +0 scale mail
rNeg   . . .     Faith    .     c - +1 shield
rPois  .         Spirit   .     (helmet restricted)
rElec  .         Dismiss  .     (no cloak)
rCorr  .         Reflect  .     (no gloves)
SustAt .         Harm     .     (no boots)
MR     .....                    (no amulet)
Stlth  +.........               (no ring)
                                (no ring)

@: agile, not resistant to hostile enchantments, very unstealthy
A: horns 2, iridescent scales 1, powered by pain 1
a: Renounce Religion


You were on level 5 of the Dungeon.
You worshipped Qazlal.
Qazlal was noncommittal.
You were not hungry.

You visited 1 branch of the dungeon, and saw 5 of its levels.
You also visited: Sewer.

You collected 169 gold pieces.

Inventory:

Hand Weapons
 a - a +0 war axe (weapon)
Missiles
 f - 5 javelins (quivered)
 t - 3 tomahawks
Armour
 b - a +0 scale mail (worn)
 c - a +1 shield (worn)
Wands
 i - a wand of polymorph (12/24)
Scrolls
 e - 9 scrolls of identify
 o - a scroll of fog {unknown}
 r - 2 scrolls of fear {unknown}
 s - 3 scrolls of teleportation {unknown}
 v - a scroll of remove curse {unknown}
Potions
 d - 2 potions of might
 h - a potion of brilliance
 j - 3 potions of curing {unknown}
 l - a potion of cancellation {unknown}
 m - a potion of resistance {unknown}
 p - a potion of heal wounds {unknown}
 u - a potion of agility {unknown}
Books
 k - a book of Unlife

   Spells                             Type                      Level
   a - Recall                         Summoning/Translocation      3
   b - Animate Dead                   Necromancy                   4
   c - Control Undead                 Necromancy                   4
   d - Cigotuvi's Embrace             Necromancy                   5
   e - Death Channel                  Necromancy                   6
   f - Simulacrum                     Ice/Necromancy               6
Comestibles
 n - a royal jelly
 q - a bread ration


   Skills:
 + Level 5.5 Fighting
 + Level 4.5 Axes
 + Level 5.0 Armour
 + Level 4.9 Shields


You had 7 spell levels left.
You didn't know any spells.

Dungeon Overview and Level Annotations

Branches:
Dungeon (5/15)             Temple (0/1) D:4

Altars:
Cheibriados
Fedhas
Gozag
Qazlal

Annotations:
D:5 Pikel


Innate Abilities, Weirdness & Mutations

You have a pair of horns on your head.
You are partially covered in iridescent scales (AC +4).
You sometimes gain a little power by taking damage.


Message History

You are too injured to fight recklessly!
You are too injured to fight recklessly!
You are too injured to fight recklessly!
You are too injured to fight recklessly!
You are too injured to fight recklessly!
You are too injured to fight recklessly!
You are too injured to fight recklessly!
You are too injured to fight recklessly!
You are too injured to fight recklessly!
You are too injured to fight recklessly!
You are too injured to fight recklessly!
You are too injured to fight recklessly!
You are too injured to fight recklessly!
You are too injured to fight recklessly!
You are too injured to fight recklessly!
You are too injured to fight recklessly!
You slash Pikel!
Pikel is almost dead.
Pikel hits you but does no damage.
You are electrocuted!
You die...

####### #.....#
########.###.#
#.@........#.#
#K######.#.#.# #p
#.....# #p
##.#.######## .#. .p
#.###........ #.#
########..#.########
#.. .........#.##
#.. ..########.#.#
#.# #+#
#.########.#.#


You could see Pikel and 3 slaves.

Vanquished Creatures
  An ice beast (D:5)
  4 big kobolds (Sewer)
  2 howler monkeys (D:4)
  2 orc priests (D:4)
  7 orc wizards (D:4)
  A worker ant (D:4)
  8 adders
  3 gnolls (D:4)
  3 river rats (Sewer)
  A shadow imp (D:3)
  4 oozes (Sewer)
  3 worms
  A dart slug (D:3)
  5 giant geckos
  23 orcs
  8 bats
  3 giant cockroaches
  6 goblins
  7 hobgoblins
  7 jackals
  2 quokkas
  7 ball pythons (Sewer)
  A giant gecko skeleton (D:4)
  3 giant newts
  11 kobolds
  11 rats
134 creatures vanquished.

Notes
Turn   | Place    | Note
--------------------------------------------------------------
     0 | D:1      | Scarto the Demonspawn Fighter began the quest for the Orb.
     0 | D:1      | Reached XP level 1. HP: 18/18 MP: 1/1
    51 | D:1      | Gained mutation: You are partially covered in iridescent scales (AC +4). [demonic ancestry]
    51 | D:1      | Reached XP level 2. HP: 11/24 MP: 2/2
   522 | D:1      | You fall through a shaft!
   634 | D:2      | Gained mutation: You sometimes gain a little power by taking damage. [demonic ancestry]
   634 | D:2      | Reached XP level 3. HP: 29/29 MP: 3/3
   872 | D:2      | Found a snail-covered altar of Cheibriados.
  1410 | D:3      | Gained mutation: You have a pair of small horns on your head. [demonic ancestry]
  1410 | D:3      | Reached XP level 4. HP: 5/35 MP: 4/4
  1426 | D:3      | HP: 1/35 [poisoned by an adder]
  2243 | D:4      | Reached XP level 5. HP: 42/42 MP: 5/5
  2296 | D:4      | Found a glowing drain.
  2337 | Sewer    | Entered a sewer
  2453 | Sewer    | Gained mutation: You have a pair of horns on your head. [demonic ancestry]
  2453 | Sewer    | Reached XP level 6. HP: 18/49 MP: 6/6
  3574 | Sewer    | Reached XP level 7. HP: 54/55 MP: 7/7
  3691 | D:4      | Reached skill level 5 in Fighting
  4150 | D:4      | Found a stormy altar of Qazlal.
  4151 | D:4      | Noticed a water elemental
  4151 | D:4      | Noticed an air elemental
  4151 | D:4      | Noticed a fire elemental
  4156 | D:4      | Found a blossoming altar of Fedhas.
  4229 | D:4      | Became a worshipper of Qazlal Stormbringer
  4308 | D:4      | Found a staircase to the Ecumenical Temple.
  4406 | D:5      | Entered Level 5 of the Dungeon
  4407 | D:5      | Found an opulent altar of Gozag.
  4444 | D:5      | Reached skill level 5 in Armour
  4444 | D:5      | Reached XP level 8. HP: 31/63 MP: 8/8
  4733 | D:5      | Noticed Pikel
  4743 | D:5      | Slain by Pikel

Skill      XL: |  1  2  3  4  5  6  7 |
---------------+----------------------+-----
Axes           | 2 3 4 |  4.5
Shields        | 3 4 |  4.9
Armour         | 3 4 5 |  5.0
Fighting       | 4 5 |  5.5

Action                   |  1- 3 |  4- 6 |  7- 9 || total
-------------------------+-------+-------+-------++-------
Melee: War axe           |   183 |   309 |   123 ||   615
       Headbutt          |       |    29 |    14 ||    43
  Use: Scroll            |     2 |       |       ||     2
  Eat: Bread ration      |     1 |     1 |       ||     2
       Fruit             |       |     4 |     1 ||     5
       Meat ration       |       |       |     1 ||     1
Armor: Scale mail        |   137 |   142 |    50 ||   329
Dodge: Dodged            |    79 |   105 |    35 ||   219
Block: Shield            |   116 |   186 |    73 ||   375
